 Dungeon Crawl Stone Soup version 0.29.1-12-g30fa7ad0bf (webtiles) character file.

Game seed: 3733072700794746589

216 oldriver the Shooter (level 5, -1/26 HPs)
             Began as a Vine Stalker Arcane Marksman on Dec 31, 2022.
             Was an Initiate of Elyvilon.
             Slain by Grinder (7 damage)
             ... on level 4 of the Dungeon.
             The game lasted 00:06:44 (3703 turns).

oldriver the Shooter (Vine Stalker Arcane Marksman) Turns: 3703, Time: 00:06:45

Health: -1/26      AC:  6    Str: 13    XL:     5   Next: 93%
Magic:  0/9        EV: 11    Int: 15    God:    Elyvilon [......]
Gold:   117        SH:  0    Dex: 12    Spells: 8/9 levels left

rFire   + . .      SeeInvis .   a - +4 sling "Ilukeer" {flame, rPois rF+ Will+ Int+2}
rCold   . . .      Faith    .   (no shield)
rNeg    . . .      Spirit   +   o - +0 leather armour "Ykkoq" {+Blink rElec rPois Dex-4}
rPois   +          Reflect  .   (no helmet)
rElec   +          Harm     .   (no cloak)
rCorr   .          Rampage  .   (no gloves)
Will    +....                   g - +2 pair of boots
Stlth   ++........              (no amulet)
HPRegen 0.88/turn               (no ring)
MPRegen 0.11/turn               (no ring)

@: invisible
A: fangs 2, regeneration 1, magic shield, antimagic bite, no potion heal 2
a: Renounce Religion, Evoke Blink


You were on level 4 of the Dungeon.
You worshipped Elyvilon.
Elyvilon was noncommittal.
You visited 1 branch of the dungeon, and saw 4 of its levels.

You collected 221 gold pieces.
You spent 104 gold pieces at shops.

Inventory:

Hand Weapons
 a - the +4 sling "Ilukeer" (weapon) {flame, rPois rF+ Will+ Int+2}
   (You found it on level 3 of the Dungeon)

   Any ammunition fired from it burns those it strikes, dealing additional fire
   damage.
   Int:       It affects your intelligence (+2).
   rF:        It protects you from fire.
   rPois:     It protects you from poison.
   Will:      It increases your willpower.
 b - a +2 dagger of speed
Missiles
 k - 6 boomerangs
Armour
 c - a +0 robe
 g - a +2 pair of boots (worn)
 o - the +0 leather armour "Ykkoq" (worn) {+Blink rElec rPois Dex-4}
   (You found it on level 3 of the Dungeon)

   Dex:       It affects your dexterity (-4).
   rElec:     It insulates you from electricity.
   rPois:     It protects you from poison.
   +Blink:    It lets you blink.
Jewellery
 r - a ring of protection from cold
Scrolls
 d - a scroll of teleportation
 h - 2 scrolls of poison
 s - a scroll of immolation {unknown}
 t - a scroll of acquirement
 u - a scroll of identify
Potions
 e - a potion of magic {unknown}
 f - a potion of invisibility
 i - a potion of mutation {unknown}
 j - 5 potions of curing
 l - 2 potions of resistance {unknown}
 m - a potion of heal wounds
 n - a potion of lignification {unknown}
 p - a potion of might {unknown}
 q - a potion of attraction {unknown}


   Skills:
 + Level 2.2 Fighting
 * Level 3.5 Ranged Weapons
 - Level 1.5 Dodging
 * Level 3.3 Stealth
 + Level 2.5 Spellcasting
 - Level 3.0 Hexes


You had 8 spell levels left.
You knew the following spells:

 Your Spells              Type           Power      Damage    Failure   Level
a - Slow                  Hex            40%        N/A       8%          1

Your spell library contained the following spells:

 Spells                   Type           Power      Damage    Failure   Level
 Inner Flame              Hex/Fire       6%         N/A       41%         3
 Portal Projectile        Hex/Tloc       12%        N/A       41%         3
 Cause Fear               Hex            5%         N/A       61%         4


Dungeon Overview and Level Annotations

Branches:
Dungeon (4/15)             Temple (0/1) D:4

Altars:
Dithmenos
Elyvilon
Fedhas
Hepliaklqana
Kikubaaqudgha
Sif Muna

Shops:
D:2 *

Annotations:
D:4 Grinder


Innate Abilities, Weirdness & Mutations

You have extremely sharp teeth.
Your natural rate of healing is unusually fast.
When hurt, damage is shared between your health and your magic reserves.
Your bite disrupts and absorbs the magic of your enemies.
Potions cannot restore your health.


Message History

Press: ? - help, Shift-Dir - straight line You shoot a sling bullet.
Something hits you.
You writhe in agony.
Fire: a) +4 sling "Ilukeer" {flame, rPois rF+ Will+ Int+2}
Press: ? - help, Shift-Dir - straight line You shoot a sling bullet.
Something completely misses you.
Fire: a) +4 sling "Ilukeer" {flame, rPois rF+ Will+ Int+2}
Press: ? - help, Shift-Dir - straight line You shoot a sling bullet.
Something tries to affect you, but you resist.
Fire: a) +4 sling "Ilukeer" {flame, rPois rF+ Will+ Int+2}
Press: ? - help, Shift-Dir - straight line You shoot a sling bullet.
Something hits you.
You writhe in agony.
Something hits you.
You writhe in agony.
* * * LOW HITPOINT WARNING * * *
You have no ailments to cure.
You fade into invisibility!
Something hits you but does no damage.
Fire: a) +4 sling "Ilukeer" {flame, rPois rF+ Will+ Int+2}
Press: ? - help, Shift-Dir - straight line You shoot a sling bullet.
Something hits you.
You writhe in agony.
* * * LOW HITPOINT WARNING * * *
Okay, then.
This is a scroll of acquirement!
Something appears at your feet! Something hits you.
* * * LOW HITPOINT WARNING * * *
You writhe in agony.
* * * LOW HITPOINT WARNING * * *
Unknown command.
Blink to where?
Press: ? - help, Dir - move target
As you read the scroll of blinking, it crumbles to dust.
You can't see any enemies this would affect, really read the scroll of poison?
The air fills with toxic fumes!
As you read the scroll of poison, it crumbles to dust.
You aren't carrying any items that you can evoke.
Something hits you!
You die...

.........#
#§#
.#########
#§# .# #§#
.... #§#
.... #§#
.... #.#
..... #§#
#...#. #§#
#@# #§#
#§# #§#
#[# #)#
#.# #"#
#.# #..


There were no monsters in sight!

Vanquished Creatures
  A howler monkey (D:4)
  An orc priest (D:4)
  A hound (D:4)
  3 adders
  5 worms
  2 orcs (D:4)
  8 ball pythons
  6 endoplasms
  4 giant cockroaches
  13 goblins
  6 hobgoblins
  4 kobolds
  3 quokkas (D:3)
  7 bats
  4 frilled lizards (D:2)
  6 rats
74 creatures vanquished.

Notes
Turn   | Place    | Note
-------+----------+-------------------------------------------
     0 | D:1      | oldriver the Vine Stalker Arcane Marksman began the quest
                  | for the Orb.
     0 | D:1      | Reached XP level 1. HP: 9/9 MP: 3/3
    39 | D:1      | Reached skill level 1 in Fighting
   335 | D:1      | Reached XP level 2. HP: 11/14 MP: 3/5
  1484 | D:2      | Reached XP level 3. HP: 18/18 MP: 6/6
  2084 | D:2      | Found Emucleci's Assorted Antiques.
  2091 | D:2      | Reached skill level 1 in Stealth
  2091 | D:2      | Gained mutation: Your natural rate of healing is unusually
                  | fast. [Vine Stalker growth]
  2091 | D:2      | Reached XP level 4. HP: 23/23 MP: 6/8
  2121 | D:2      | Bought a scroll labelled BUOXAK SYNU for 22 gold pieces
  2121 | D:2      | Bought a scroll labelled BUOXAK SYNU for 22 gold pieces
  2121 | D:2      | Bought a scroll labelled DYCKU OL SEYG for 22 gold pieces
  2443 | D:2      | Found a faded altar of an unknown god.
  2760 | D:2      | Bought a metallic amethyst potion for 19 gold pieces
  2760 | D:2      | Bought a dark potion for 19 gold pieces
  2778 | D:3      | Identified the +0 leather armour "Ykkoq" {+Blink rElec
                  | rPois Dex-4}
  3016 | D:3      | Identified the +4 sling "Ilukeer" {flame, rPois rF+ Will+
                  | Int+2}
  3294 | D:3      | Found a blossoming altar of Fedhas.
  3431 | D:3      | Found a shadowy altar of Dithmenos.
  3434 | D:3      | Found a white marble altar of Elyvilon.
  3434 | D:3      | Found a hazy altar of Hepliaklqana.
  3436 | D:3      | Found an ancient bone altar of Kikubaaqudgha.
  3437 | D:3      | Found a shimmering blue altar of Sif Muna.
  3440 | D:3      | Became a worshipper of Elyvilon the Healer
  3522 | D:4      | Found a staircase to the Ecumenical Temple.
  3589 | D:4      | Reached XP level 5. HP: 26/26 MP: 9/9
  3682 | D:4      | Noticed Grinder
  3698 | D:4      | Identified 2 scrolls of acquirement
  3698 | D:4      | Acquired the +5 buckler of Loiwn {Fly Dex+5}
  3703 | D:4      | Slain by Grinder

Illustrated notes

Levels and vault maps discovered:
D:1:      ebering_trefoil_twist, layout_basic, chequers_avenue,
          minmay_misc_feat_x
D:2:      layout_basic, serial_shops, nicolae_shop_waterfront,
          hellmonk_ecumenical_altar_inner_sanctum
D:3:      layout_rooms, lemuel_tele_altar, grunt_temple_overflow_open,
          minmay_goblin_outpost
D:4:      layout_basic, minmay_temple_entry_overgrown, serial_shops,
          nicolae_shop_bloodbath_and_beyond, uniq_eustachio, uniq_grinder

Skill      XL: |  1  2  3  4  5 |
---------------+----------------+-----
Fighting       | 1 2 |  2.2
Ranged Weapons | 2 3 |  3.5
Stealth        | 1 2 3 |  3.3
Spellcasting   | 2 |  2.5
Dodging        | |  1.5
Hexes          | |  3.0

Action                   |  1- 3 |  4- 6 || total
-------------------------+-------+-------++-------
Melee: Dagger            |     3 |       ||     3
       Punch             |     1 |       ||     1
       Sling             |       |     1 ||     1
 Fire: Sling             |   126 |   113 ||   239
 Cast: Slow              |    16 |       ||    16
  Use: Scroll            |       |    11 ||    11
       Potion            |       |     1 ||     1
Armor: Robe              |    25 |       ||    25
       Leather armour    |       |     8 ||     8
Dodge: Dodged            |    38 |    22 ||    60
